 Dungeon Crawl Stone Soup version 0.28-a0-622-gbaef9634d7 (webtiles) character file.

Game seed: 12827877991535178656

124 kae the Insei (level 4, -2/37 HPs)
             Began as a Draconian Transmuter on Oct 7, 2021.
             Slain by an orc priest (3 damage)
             ... on level 3 of the Dungeon.
             The game lasted 00:02:21 (2498 turns).

kae the Insei (Draconian Transmuter)                Turns: 2498, Time: 00:02:22

Health: -2/37      AC:  5    Str: 12    XL:     4   Next: 81%
Magic:  7/7        EV: 12    Int: 14    God:
Gold:   125        SH:  0    Dex: 12    Spells: 3/7 levels left

rFire   . . .      SeeInvis .     - Unarmed
rCold   . . .      Faith    .   (no shield)
rNeg    . . .      Spirit   .   (armour unavailable)
rPois   .          Reflect  .   (helmet currently unavailable)
rElec   .          Harm     .   (no cloak)
rCorr   .          Rampage  .   (no gloves)
Will    .....                   (boots currently unavailable)
Stlth   +.........              (no amulet)
HPRegen 0.12/turn               (no ring)
MPRegen 0.10/turn               (no ring)

@: brilliant, appendages (expiring)
A: horns 2, talons 2, AC +5, unfitting armour, cold-blooded
a: End Transformation


You were on level 3 of the Dungeon.
You had temporarily grown beastly horns and talons.
You visited 1 branch of the dungeon, and saw 3 of its levels.

You collected 125 gold pieces.

Inventory:

Scrolls
 b - a scroll of amnesia
Potions
 a - a potion of cancellation
 c - 2 potions of flight


   Skills:
 + Level 2.6 Fighting
 - Level 1.7 Dodging
 + Level 3.8 Unarmed Combat
 - Level 2.0 Spellcasting
 + Level 3.1 Transmutations
 * Level 1.9 Poison Magic


You had 3 spell levels left.
You knew the following spells:

 Your Spells              Type           Power      Damage    Failure   Level
a - Beastly Appendage     Tmut           30%        N/A       7%          1
b - Spider Form           Tmut/Pois      6%         N/A       26%         3

Your spell library contained the following spells:

 Spells                   Type           Power      Damage    Failure   Level
 Wereblood                Tmut           15%        N/A       10%         2
 Magic Dart               Conj           8%         1d3       24%         1
 Searing Ray              Conj           4%         2d4       34%         2
 Slow                     Hex            2%         N/A       34%         2
 Sublimation of Blood     Necr           1%         N/A       34%         2
 Confusing Touch          Hex            2%         N/A       56%         3
 Vampiric Draining        Necr           1%         2d6       56%         3
 Ice Form                 Ice/Tmut       8%         N/A       77%         4
 Fulminant Prism          Conj/Hex       1%         3d6       93%         4
 Summon Hydra             Summ           1%         N/A       100%        7


Dungeon Overview and Level Annotations

Branches:
Dungeon (3/15)

Altars:


Innate Abilities, Weirdness & Mutations

You have temporarily grown beastly horns and talons.
Your plain brown scales are hard. (AC +5)
You cannot fit into any form of body armour.
You are cold-blooded and may be slowed by cold attacks.


Message History

You barely miss the orc priest. Your kick misses the orc priest.
The orc priest is moderately wounded.
The orc priest hits you with a +0 flail.
* * * LOW HITPOINT WARNING * * *
You hit the orc priest but do no damage.
The orc priest is moderately wounded.
The orc priest closely misses you.
You closely miss the orc priest.
You claw the orc priest, but do no damage.
The orc priest is moderately wounded.
You barely miss the orc priest. Your kick misses the orc priest.
The orc priest is moderately wounded.
The orc priest hits you with a +0 flail.
* * * LOW HITPOINT WARNING * * *
You barely miss the orc priest.
The orc priest is moderately wounded.
Your transformation is almost over.
The orc priest hits you with a +0 flail.
* * * LOW HITPOINT WARNING * * *
It was a potion of brilliance.
You feel clever all of a sudden.
The orc priest looks satisfied for a moment.
Okay, then.
You hit the orc priest but do no damage.
Your kick misses the orc priest.
You tail-slap the orc priest, but do no damage.
The orc priest is moderately wounded.
The orc priest hits you with a +0 flail.
* * * LOW HITPOINT WARNING * * *
You hit the orc priest.
You punch the orc priest, but do no damage.
The orc priest is heavily wounded.
The orc priest barely misses you.
You hit the orc priest.
The orc priest is severely wounded.
The orc priest barely misses you.
You hit the orc priest.
The orc priest is almost dead.
The orc priest hits you with a +0 flail.
You die...

....o.###.#.#.#
..... #...#.#
.... #######o#
... +......>#
.. ###.....# .
#.#.### #
#...##
#..o.####
#..≈@≈..###
#.≈.≈.≈.)<#
.....#...#####
######.≈.#
#...# #.≈.#
#...# #.≈.#
#...#


You could see an orc priest.

Vanquished Creatures
  5 adders (D:2)
  2 worms (D:2)
  3 orcs (D:3)
  3 ball pythons
  6 endoplasms
  2 giant cockroaches (D:2)
  4 goblins
  8 hobgoblins
  12 kobolds
  4 quokkas
  6 bats
  3 frilled lizards
  9 rats
67 creatures vanquished.

Vanquished Creatures (others)
  5 plants (D:1)
5 creatures vanquished.

Grand Total: 72 creatures vanquished

Notes
Turn   | Place    | Note
-------+----------+-------------------------------------------
     0 | D:1      | kae the Draconian Transmuter began the quest for the Orb.
     0 | D:1      | Reached XP level 1. HP: 16/16 MP: 3/3
   113 | D:1      | Reached XP level 2. HP: 15/23 MP: 5/5
   609 | D:1      | Reached XP level 3. HP: 25/29 MP: 4/6
   776 | D:1      | Learned a level 3 spell: Spider Form
  1148 | D:2      | Found a faded altar of an unknown god.
  1592 | D:2      | Reached skill level 1 in Poison Magic
  1713 | D:2      | Reached XP level 4. HP: 36/37 MP: 5/7
  2495 | D:3      | HP: 1/37 [orc priest (2)]
  2498 | D:3      | Slain by an orc priest

Illustrated notes

Levels and vault maps discovered:
D:1:      lemuel_arrival_tunnels, layout_basic, lexackson_kobold_supper
D:2:      minmay_diamond_boxcup, layout_loops_ring,
          chequers_ecumenical_altar_simple_redux,
          corexii_item_surrounded_by_moat, kennysheep_generic_room_13
D:3:      layout_basic, nicolae_ru_path_of_blood, hangedman_decor_growths

Skill      XL: |  1  2  3  4 |
---------------+-------------+-----
Fighting       | 2 |  2.6
Poison Magic   | 1 |  1.9
Transmutations | 3 |  3.1
Dodging        | |  1.7
Unarmed Combat | |  3.8
Spellcasting   | |  2.0

Action                   |  1- 3 |  4- 6 || total
-------------------------+-------+-------++-------
Melee: Unarmed           |   136 |    86 ||   222
       Tailslap          |    17 |     7 ||    24
       Kick              |    17 |    14 ||    31
       Headbutt          |     6 |     3 ||     9
       Punch             |     1 |     1 ||     2
 Cast: Beastly Appendage |    17 |    11 ||    28
  Use: Scroll            |     1 |     4 ||     5
       Potion            |       |     1 ||     1
 Stab: Sleeping          |       |     1 ||     1
Armor: Skin              |    42 |    16 ||    58
Dodge: Dodged            |    83 |    48 ||   131

Table legend: (Time is in decaauts)
 A = Elapsed time spent in this place.
 B = Non-inter-level travel time spent in this place.
 C = Inter-level travel time spent in this place.
 D = Time resting spent in this place.
 E = Time spent auto-exploring this place.
 F = Levels seen in this place.
 G = Mean time per level.
                   A        B        C        D        E       F      G
               +--------+--------+--------+--------+--------+-----+--------+
         Total |   2485 |   2408 |     77 |    231 |   1719 |   3 |  828.3 |
       Dungeon |   2485 |   2408 |     77 |    231 |   1719 |   3 |  828.3 |
               +--------+--------+--------+--------+--------+-----+--------+

Top non-repeatable levels by time:
     D:2: 1298 daAuts
     D:1: 1096 daAuts
     D:3: 91 daAuts
